 Dungeon Crawl Stone Soup version 0.31-a0-188-g5e087ee2ca (webtiles) character file.

Game seed: 9014198912867611041

420 kae the Changer (level 6, 0/41 HPs)
             Began as an Octopode Transmuter on June 23, 2023.
             Slain by a jelly (1 damage)
             ... on level 5 of the Dungeon.
             The game lasted 00:04:16 (3280 turns).

kae the Changer (Octopode Transmuter)               Turns: 3280, Time: 00:04:16

Health: 0/41       AC:  2    Str: 10    XL:     6   Next: 94%
Magic:  8/11       EV: 19    Int: 17    God:
Gold:   884        SH:  0    Dex: 17    Spells: 5/11 levels left

rFire   . .          .
                       - Unarmed
rCold   . . .        (shield currently unavailable)
rNeg    . . .        (helmet currently unavailable)
rPois   x            (no amulet)
rElec   .            R - ring of resist corrosion
rCorr   +            m - ring of willpower
SInv    .            (no ring)
Will    +....        (no ring)
Stlth   ++           (no ring)
HPRegen 0.26/turn    (no ring)
MPRegen 0.12/turn    (no ring)
                     (no ring)

%: no passive effects
@: spider-form, wereblooded (expiring)
A: venomous fangs, almost no armour, (amphibious), 8 rings, tiny, (camouflage
1), (gelatinous body 1), (nimble swimmer 1), (tentacles)
a: End Transformation


You were on level 5 of the Dungeon.
You were a venomous arachnid creature.
You visited 1 branch of the dungeon, and saw 5 of its levels.

You collected 999 gold pieces.
You spent 115 gold pieces at shops.


Innate Abilities, Weirdness & Mutations

You are a venomous arachnid creature.
You have venomous fangs.
You are tiny and dextrous.
Your spellcasting is less reliable in this form.
Your armour is entirely melded.
You are incapable of wielding weapons or throwing items.
You cannot wear most types of armour.
((You are amphibious.))
You can wear up to eight rings at the same time.
((Your skin changes colour to match your surroundings (Stealth+).))
((Your rubbery body absorbs attacks. (AC +1, EV +1)))
((You are camouflaged when in or above water. (Stealth+)))
((You have tentacles for arms and can constrict up to eight enemies at once.))


   Skills:
 + Level 2.9 Fighting
 - Level 2.0 Dodging
 + Level 4.1 Unarmed Combat
 + Level 3.3 Spellcasting
 * Level 4.5 Transmutations
 - Level 2.0 Poison Magic


You had 5 spell levels left.
You knew the following spells:

 Your Spells              Type           Power      Damage    Failure   Level
a - Beastly Appendage     Tmut           36%        N/A       10%         1
b - Wereblood             Tmut           18%        N/A       13%         2
c - Spider Form           Tmut/Pois      14%        N/A       30%         3

Your spell library contained the following spells:

 Spells                   Type           Power      Damage    Failure   Level
 Gell's Gravitas          Tloc           2%         N/A       67%         3
 Teleport Other           Tloc           2%         N/A       67%         3
 Ice Form                 Ice/Tmut       10%        N/A       75%         4
 Dispersal                Tloc           1%         N/A       100%        6

Inventory:

Missiles
 c - 42 stones
 j - 17 poisoned darts
Jewellery
 m - a ring of willpower (right front pincers)
   (You bought it in a shop on level 3 of the Dungeon)
 R - a ring of resist corrosion (left front pincers)
   (You found it on level 3 of the Dungeon)
Scrolls
 f - a scroll of vulnerability {!r!r}
Potions
 a - a potion of lignification {!q}
 b - a potion of magic {unknown}
 d - a potion of mutation {!q}
 e - a potion of resistance {unknown}
 g - a potion of might {unknown}
 h - a potion of curing {@q1}
 k - a potion of degeneration {unknown}
 l - a potion of enlightenment {unknown}

Dungeon Overview and Level Annotations

Branches:
Dungeon (5/15) Zot: 26731
 Temple: D:4-7

Altars:
Ashenzari
Xom

Shops:
D:2 (   D:3 *

Annotations:
D:5 Sigmund

.....# .... #####
....##....
#...###.........
##...##...!......
#....#.......#
#...#........##
##........###..#
##...........#..#
#....#......s...#
###.####......J..>#
#...## #.........##
###....###..........#
#.##<...##.......<.##
†<......##........##
..)..#.###.........
####.### ###.......
#.#


You could see a jelly.


Message History

You smack the scorpion!
The scorpion stings you but does no damage. 😱 HP[+1]
You hit the scorpion.
The scorpion stings you but does no damage.
You hit the scorpion but do no damage.
The scorpion stings you but does no damage.
You smack the scorpion!
You kill the scorpion!
Your life force feels restored.
You now have 61 max hp (+4).
You start resting. 😱 HP[+3] MP[+1]
You regained 3 hp, and now have 8/61 hp.
Your mp is fully restored (11).
Unknown command.
You start resting.
Your transformation is almost over.
You feel less wooden. 😱 HP[+1]
You now have 41 max hp (-20).
There is a stone staircase leading up here. 😱 HP[+1]
You start resting.
You hear the slow rusting of a distant drain.
A quokka comes into view. 😨 HP[+2]
You regained 2 hp, and now have 12/41 hp.
Casting: Beastly Appendage (safe; 2% risk of failure)
Confirm with . or Enter, or press ? or * to list all spells.
Your blood is infused with primal strength. 😨 MP[-2]
You lost 2 mp, and now have 9/11 mp. 😨 HP[+1]
The quokka closely misses you.
You miss the quokka. You grab the quokka. You constrict the quokka.
The quokka bites you.
* * * LOW HITPOINT WARNING * * *
😱 HP[-3]
You take 3 damage, and now have 10/41 hp.
You tentacle-slap the quokka.
You feel a bit better.
You kill the quokka! 😨 HP[+1]
You howl as the wereblood boils in your veins! 😨 HP[+1]
Okay, then.
You howl as the wereblood boils in your veins! 😨 MP[+1] 😨 HP[+1]
A jelly comes into view.
Found a stone staircase leading up. 😨 HP[+1]
Found a stone staircase leading down. 😨 MP[+1]
Your mp is fully restored (11). 😨 HP[+1] Sigmund the Dreaded comes into view.
He is wielding a +0 scythe and wearing a +2 robe of willpower.
You howl as the wereblood boils in your veins!
Sigmund shouts!
Sigmund casts a spell.
Sigmund flickers and vanishes!
Deactivating autopickup; reactivate with Ctrl-A.
You hear a shout! 😨 HP[+1]
Casting: Wereblood (safe; 4% risk of failure)
Confirm with . or Enter, or press ? or * to list all spells.
You turn into a venomous arachnid creature.
Your primal bloodlust is almost over.
The jelly hits you.
* * * LOW HITPOINT WARNING * * *
You are splashed with acid.
You resist.
* * * LOW HITPOINT WARNING * * *
😨 HP[-4] MP[-3]
You take 4 damage, and now have 12/41 hp.
You lost 3 mp, and now have 8/11 mp.
You hit the jelly.
Your front pincers burn!
* * * LOW HITPOINT WARNING * * *
The jelly closely misses you. 😨 HP[-1]
You take 1 damage, and now have 11/41 hp.
Unknown command.
You hit the jelly.
Your front pincers burn!
* * * LOW HITPOINT WARNING * * *
A magic dart appears from out of thin air!
The magic dart hits you.
* * * LOW HITPOINT WARNING * * *
The jelly barely misses you. 😱 HP[-7]
You take 7 damage, and now have 4/41 hp.
You bite the jelly!
Your front pincers burn!
* * * LOW HITPOINT WARNING * * *
You hiss as the wereblood boils in your veins!
The jelly hits you but does no damage. 😱 HP[-2]
You take 2 damage, and now have 2/41 hp.
Unknown command.
You hit the jelly.
Your front pincers burn!
* * * LOW HITPOINT WARNING * * *
The jelly hits you.
You die...

Skill      XL: |  1  2  3  4  5  6 |
---------------+-------------------+-----
Transmutations | 3 4 |  4.5
Poison Magic   | 1 2 |  2.0
Fighting       | 2 |  2.9
Spellcasting   | 3 |  3.3
Unarmed Combat | 4 |  4.1
Dodging        | |  2.0

Action                     |  1- 3 |  4- 6 || total
---------------------------+-------+-------++-------
  Melee: Unarmed           |    77 |   102 ||   179
         Kick              |    20 |    12 ||    32
         Constrict         |    18 |    13 ||    31
         Tentacles         |    13 |    10 ||    23
         Punch             |     2 |     3 ||     5
   Cast: Beastly Appendage |    20 |    14 ||    34
         Spider Form       |     2 |     3 ||     5
         Wereblood         |     1 |     3 ||     4
    Use: Scroll            |     5 |     2 ||     7
         Potion            |       |     2 ||     2
   Stab: Sleeping          |     5 |     3 ||     8
 Armour: Skin              |     8 |    16 ||    24
  Dodge: Dodged            |    51 |    57 ||   108

Levels and vault maps discovered:
D:1:      giann_horns, layout_basic, nicolae_ecumenical_snake_handling
D:2:      layout_loops_ring, serial_shops, shop, serial_rivers,
          chequers_serial_rivers_large_a, chequers_serial_rivers_micro_e,
          chequers_serial_rivers_micro_b, chequers_serial_rivers_small_b
D:3:      layout_basic, nicolae_ashenzari_panopticon, serial_shops, shop
D:4:      layout_rooms, kennysheep_mini, minivault_19
D:5:      layout_cave_pools, gammafunk_temple_overflow_statue,
          amcnicky_altar_gilded, cheibrodos_sewer_entry_bend, uniq_grinder,
          uniq_sigmund, uniq_menkaure, uniq_ijyb

Notes
Turn   | Place    | Note
-------+----------+-------------------------------------------
     0 | D:1      | kae the Octopode Transmuter began the quest for the Orb.
     0 | D:1      | Reached XP level 1. HP: 13/13 MP: 3/3
     0 | D:1      | magus.rc [v1.11.3]
   130 | D:1      | Found a faded altar of an unknown god.
   151 | D:1      | Reached XP level 2. HP: 18/18 MP: 3/5
   178 | D:1      | Learned a level 2 spell: Wereblood
  1040 | D:2      | Identified a scroll of acquirement
  1040 | D:2      | Acquired 772 gold pieces
  1279 | D:2      | Reached XP level 3. HP: 22/23 MP: 4/6
  1306 | D:2      | You add the spells Gell's Gravitas, Teleport Other and
                  | Dispersal to your library.
  1532 | D:2      | Found Qisitzun's Weapon Shop.
  1787 | D:3      | Learned a level 3 spell: Spider Form
  1855 | D:3      | Reached skill level 3 in Transmutations
  1948 | D:3      | Reached XP level 4. HP: 29/29 MP: 1/7
  2170 | D:3      | Reached skill level 1 in Poison Magic
  2225 | D:3      | Found Teitwato's Assorted Antiques.
  2258 | D:3      | Bought an emerald ring for 115 gold pieces
  2265 | D:3      | Noticed a scorpion
  2275 | D:3      | Killed a scorpion
  2276 | D:3      | Reached skill level 2 in Fighting
  2276 | D:3      | Reached XP level 5. HP: 23/34 MP: 6/9
  2475 | D:3      | Found a broken altar of Ashenzari.
  2514 | D:3      | Reached skill level 2 in Poison Magic
  2799 | D:4      | Noticed a phantom
  2805 | D:4      | Reached skill level 3 in Spellcasting
  2814 | D:4      | Killed a phantom
  2815 | D:4      | Reached skill level 4 in Transmutations
  2815 | D:4      | Reached XP level 6. HP: 18/41 MP: 6/10
  2939 | D:4      | Found a shimmering altar of Xom.
  3202 | D:5      | Entered Level 5 of the Dungeon
  3203 | D:5      | HP: 4/57 [wight/+0 scimitar (12)]
  3209 | D:5      | Reached skill level 4 in Unarmed Combat
  3210 | D:5      | HP: 4/57 [scorpion (3)]
  3257 | D:5      | HP: 10/41 [quokka (3)]
  3271 | D:5      | Noticed Sigmund
  3278 | D:5      | HP: 9/41 [acid (2)]
  3278 | D:5      | HP: 4/41 [something/magic dart (6)]
  3280 | D:5      | HP: 1/41 [acid (1)]
  3280 | D:5      | Slain by a jelly

Vanquished Creatures
  A phantom (D:4)
  2 scorpions
  A wight (D:5)
  A hound (D:4)
  An orc priest (D:3)
  4 adders
  2 worms
  2 dart slugs
  11 orcs (D:3)
  9 ball pythons
  6 bats
  8 endoplasms
  3 goblins
  3 hobgoblins
  8 kobolds
  4 quokkas
  2 frilled lizards
  4 rats
72 creatures vanquished.

Table legend:
 A = Non-vault XP
 B = Vault XP
 C = Vault XP percentage of total XP
 D = Non-vault monster count
 E = Vault monster count
 F = Vault count percentage of total count
                 A         B        C        D         E       F
            +---------+---------+-------+---------+---------+-------
      Total |     598 |       3 |   0.5 |      70 |       2 |   2.8
            +---------+---------+-------+---------+---------+-------
        D:1 |      22 |       3 |  12.0 |      13 |       2 |  13.3
        D:2 |      28 |       0 |   0.0 |       9 |       0 |   0.0
        D:3 |     196 |       0 |   0.0 |      29 |       0 |   0.0
        D:4 |     188 |       0 |   0.0 |      16 |       0 |   0.0
        D:5 |     164 |       0 |   0.0 |       3 |       0 |   0.0
            +---------+---------+-------+---------+---------+-------

Skill      XL: |  1  2  3  4  5  6 |
---------------+-------------------+-----
Transmutations | 3 4 |  4.5
Poison Magic   | 1 2 |  2.0
Fighting       | 2 |  2.9
Spellcasting   | 3 |  3.3
Unarmed Combat | 4 |  4.1
Dodging        | |  2.0

Action                     |  1- 3 |  4- 6 || total
---------------------------+-------+-------++-------
  Melee: Unarmed           |    77 |   102 ||   179
         Kick              |    20 |    12 ||    32
         Constrict         |    18 |    13 ||    31
         Tentacles         |    13 |    10 ||    23
         Punch             |     2 |     3 ||     5
   Cast: Beastly Appendage |    20 |    14 ||    34
         Spider Form       |     2 |     3 ||     5
         Wereblood         |     1 |     3 ||     4
    Use: Scroll            |     5 |     2 ||     7
         Potion            |       |     2 ||     2
   Stab: Sleeping          |     5 |     3 ||     8
 Armour: Skin              |     8 |    16 ||    24
  Dodge: Dodged            |    51 |    57 ||   108

Illustrated notes

Table legend:
 A = Kills in this place as a percentage of kills in the entire game.
 B = Kills by you in this place as a percentage of kills by you in the entire game.
 C = Kills by friends in this place as a percentage of kills by friends in the entire game.
 D = Other kills in this place as a percentage of other kills in the entire game.
 E = Experience gained in this place as a percentage of experience gained in the entire game.
 F = Experience gained in this place divided by the number of levels of this place that you have seen.
                   A       B       C       D       E      F
               +-------+-------+-------+-------+-------+----------------------
         Total | 100.0 | 100.0 |   N/A |   N/A | 100.0 | 120.2
       Dungeon | 100.0 | 100.0 |   N/A |   N/A | 100.0 | 120.2
               +-------+-------+-------+-------+-------+----------------------

Table legend: (Time is in decaauts)
 A = Elapsed time spent in this place.
 B = Non-inter-level travel time spent in this place.
 C = Inter-level travel time spent in this place.
 D = Time resting spent in this place.
 E = Time spent auto-exploring this place.
 F = Levels seen in this place.
 G = Mean time per level.
                   A        B        C        D        E       F      G
               +--------+--------+--------+--------+--------+-----+--------+
         Total |   3267 |   3188 |     79 |     35 |   2583 |   5 |  653.4 |
       Dungeon |   3267 |   3188 |     79 |     35 |   2583 |   5 |  653.4 |
               +--------+--------+--------+--------+--------+-----+--------+

Top non-repeatable levels by time:
     D:3: 1066 daAuts
     D:1: 1036 daAuts
     D:2: 639 daAuts
     D:4: 447 daAuts
     D:5: 76 daAuts
